cohdb
Replays
Latest Replays
All Replays
Popular Replays
Top Player Replays
Match Explorer
How It Works
Community
CoH3 Stats
Reddit
Sign in to upload your games and track your stats! →
Sign in with Steam
Match 41752929
Unlisted
Match 41752929
Overview
Messages
Build Orders
End
Panzergrenadier Squad
Panzergrenadier Squad
Selects Italian Infantry
250 Light Carrier
Construct Light Support Kompanie
Combat Half-tracks
Fire Support Elements
Selects Defensive Operations
MG34 Team
Veteran Squad Leaders
Flakvierling Half-track
Pak 38 Mechanized Group
2.5-tonne Medical Truck
Construct Panzerarmee Kommand
Armored Reserves
Selects Prepared Positions
Emergency Repair Kits
Panzer IV Assault Group
Selects Obice 305mm Barrage
Vehicle Survival Package
Selects Guastatori Squad
Guastatori Squad
Selects Registered Artillery
Registered Artillery
Obice 305mm Barrage
Tiger Heavy Tank
Selects Towed Cannone da 105/28 Field Howitzer
Panzergrenadier Squad
Tiger Heavy Tank
Registered Artillery
Registered Artillery
Flak 36 Anti-tank Gun Team
Pak 38 Anti-tank Gun Team
MaThEw
monomono
vincent
fengdadagg
Muad'Dib
TRANS-AM
Grimelex
Jun Beg
0
0
Comments
sign in to comment!
No comments posted yet!